 Dungeon Crawl Stone Soup version 0.32-a0-18-g89e19f1974 (webtiles) character file.

Game seed: 13532339982948921183

1983 Laraso the Basher (level 9, -7/65 (76) HPs)
             Began as an Oni Artificer on Jan 17, 2024.
             Was an Initiate of Cheibriados.
             Mangled by Maggie
             ... wielding a +2 halberd of draining
              (18 damage)
             ... on level 5 of the Dungeon.
             The game lasted 00:08:27 (4781 turns).

Laraso the Basher (Oni Artificer)                   Turns: 4781, Time: 00:08:28

HP:   -7/65 (76)    AC:  5    Str: 21    XL:     9   Next: 20%
MP:   9/9           EV: 10    Int: 21    God:    Cheibriados [......]
Gold: 301           SH:  0    Dex: 10    Spells: 8/8 levels left

rFire   . . .        j - +0 giant club
rCold   . . .        (shield currently unavailable)
rNeg    . . .        o - +2 robe {Will+}
rPois   +            (helmet restricted)
rElec   .            (no cloak)
rCorr   .            (gloves unavailable)
SInv    .            (boots unavailable)
Will    +....        l - amulet of regeneration
Stlth   +            k - ring of poison resistance
HPRegen 1.10/turn    m - +6 ring of intelligence
MPRegen 0.11/turn

%: no passive effects
@: heavily drained, very slow
A: large, unfitting armour, horns 1, tough skin 1, double potion healing,
drunken brawling
a: Renounce Religion


You were on level 5 of the Dungeon.
You worshipped Cheibriados.
Cheibriados was noncommittal.
You visited 1 branch of the dungeon, and saw 6 of its levels.

You collected 421 gold pieces.
You spent 120 gold pieces at shops.

Inventory:

Hand Weapons
 a - a +0 flail
 j - a +0 giant club (weapon)
 t - a +2 giant spiked club
Missiles
 f - 3 throwing nets
Armour
 o - a +2 robe of willpower (worn)
 p - an orb of energy
Jewellery
 b - an amulet of magic regeneration
 k - a ring of poison resistance (left hand)
 l - an amulet of regeneration (around neck)
 m - a +6 ring of intelligence (right hand)
 s - a ring of see invisible
Wands
 c - a wand of flame (2) (quivered)
 d - a wand of charming (11)
 e - a wand of iceblast (1)
Scrolls
 u - a scroll of vulnerability
 w - a scroll of blinking
Potions
 g - 2 potions of brilliance
 h - 2 potions of attraction
 i - 2 potions of heal wounds
 n - a potion of cancellation
 q - a potion of curing
 r - a potion of might
 v - a potion of berserk rage


   Skills:
 - Level 1.3 Fighting
 * Level 11.7 Maces & Flails
 - Level 2.1 Dodging
 - Level 0.6 Stealth
 - Level 2.4 Evocations


You had 8 spell levels left.
You didn't know any spells.
Your spell library contained the following spells:

 Spells                   Type           Power      Damage    Failure   Level
 Blink                    Tloc           0%         N/A       26%         2
 Lesser Beckoning         Tloc           0%         N/A       26%         2
 Momentum Strike          Conj/Tloc      0%         3d8       26%         2


Dungeon Overview and Level Annotations

Branches:
Dungeon (6/15)
 Temple: D:4-7

Altars:
Ashenzari
Cheibriados
Gozag
Qazlal
Trog
Uskayaw
Xom

Shops:
D:1 :   D:2 ::   D:3 !

Annotations:
D:3 1 runed translucent door, p00ps00p's ghost, amateur HOFi
D:5 Maggie


Innate Abilities, Weirdness & Mutations

You are too large for most types of armour.
You have a pair of small horns on your head.
You have tough skin. (AC +1)
You gain doubled healing and magic from potions.
Whenever you drink a healing potion, you attack all around you.


Message History

No target in view!
There is a stone staircase leading up here.
Things that are here:
a +0 short sword; a +0 robe Unknown command.
j - a +0 giant club (weapon)
Unknown command.
You start resting.
HP restored.
There is a stone staircase leading down here.
You climb downwards.
Maggie shouts!
There is a stone staircase leading up here.
Okay, then.
Press: ? - help, v - describe, . - travel
Here: Maggie, wielding a +2 halberd of draining and wearing +0 swamp dragon scales The floor.
Maggie hits you with a +2 halberd of draining!
You feel drained.
Maggie hits you with a +2 halberd of draining!
You feel drained.
There is a stone staircase leading up, spattered with blood here.
Maggie hits you with a +2 halberd of draining!
You feel drained.
You climb upwards.
There is a stone staircase leading down here.
Aiming: Charm
Press: ? - help, Shift-Dir - straight line, f - Maggie
Aim: Maggie, wielding a +2 halberd of draining and wearing +0 swamp dragon scales (chance to affect: 55%) Maggie resists with significant effort.
Maggie hits you with a +2 halberd of draining!
* * * LOW HITPOINT WARNING * * *
You feel drained.
* * * LOW HITPOINT WARNING * * *
Unknown command.
Aiming: Charm
Press: ? - help, Shift-Dir - straight line, f/p - Maggie
Aim: Maggie, wielding a +2 halberd of draining and wearing +0 swamp dragon scales (chance to affect: 55%) Maggie resists with significant effort.
Maggie hits you with a +2 halberd of draining!!
You die...

##### #...###############
#...........@@....#
####...#############.#
...................#.#
#####.##..#####.##.#.#########
#.##..# #.##...........#
#.##..# #.####.........#
#.##..# #.# ########..#
#.##..# #.# #..# # #.##..# #.#
#..#


You could see Maggie.

Vanquished Creatures
  A two-headed ogre (D:5)
  A black bear (D:4)
  4 ogres
  A scorpion (D:5)
  A wight (D:5)
  6 electric eels (D:5)
  3 bombardier beetles
  3 hounds
  2 jellies (D:5)
  A gnoll bouda (D:4)
  An orc wizard (D:5)
  Terence (D:2)
  7 gnolls (D:4)
  13 adders
  5 dart slugs (D:4)
  5 ribbon worms
  5 orcs
  7 ball pythons
  14 endoplasms
  A giant cockroach (D:3)
  5 goblins
  11 hobgoblins
  7 jackals
  4 quokkas
  5 bats
  6 frilled lizards
  8 kobolds
  5 rats
133 creatures vanquished.

Vanquished Creatures (others)
  A gnoll (D:4)
1 creature vanquished.

Grand Total: 134 creatures vanquished

Notes
Turn   | Place    | Note
-------+----------+-------------------------------------------
     0 | D:1      | Laraso the Oni Artificer began the quest for the Orb.
     0 | D:1      | Reached XP level 1. HP: 19/19 MP: 1/1
   169 | D:1      | Found Ilaxuyle's Book Emporium.
   211 | D:1      | Reached skill level 1 in Maces & Flails
   277 | D:1      | Reached XP level 2. HP: 24/27 MP: 2/2
   478 | D:1      | Reached skill level 2 in Maces & Flails
   724 | D:2      | Reached XP level 3. HP: 18/33 MP: 3/3
  1102 | D:2      | Noticed Terence
  1104 | D:2      | Killed Terence
  1105 | D:2      | Reached skill level 3 in Maces & Flails
  1105 | D:2      | Reached XP level 4. HP: 41/41 MP: 4/4
  1213 | D:2      | Found Xefadd's Book Shoppe.
  1371 | D:2      | Found Votoaly's Book Emporium.
  1387 | D:2      | Reached skill level 4 in Maces & Flails
  1715 | D:3      | Found an opulent altar of Gozag.
  1792 | D:3      | Reached XP level 5. HP: 41/48 MP: 5/5
  1851 | D:3      | Found Woikkod's Distillery.
  1871 | D:3      | Found a runed translucent door.
  1876 | D:3      | Noticed p00ps00p's ghost (amateur HOFi)
  1949 | D:3      | Found a broken altar of Ashenzari.
  1963 | D:3      | Found a shimmering altar of Xom.
  2182 | D:3      | Reached skill level 5 in Maces & Flails
  2433 | D:3      | Bought a potion of heal wounds for 50 gold pieces
  2433 | D:3      | Bought a potion of curing for 30 gold pieces
  2433 | D:3      | Bought a potion of might for 40 gold pieces
  2745 | D:4      | Noticed a black bear
  2827 | D:4      | Reached XP level 6. HP: 55/55 MP: 6/6
  2920 | D:4      | Reached skill level 6 in Maces & Flails
  2958 | D:4      | Reached XP level 7. HP: 62/62 MP: 7/7
  2975 | D:4      | Reached skill level 7 in Maces & Flails
  3147 | D:4      | Found a hide-covered altar of Uskayaw.
  3264 | D:4      | Reached skill level 8 in Maces & Flails
  3532 | D:5      | Entered Level 5 of the Dungeon
  3545 | D:5      | Reached XP level 8. HP: 67/70 MP: 8/8
  3607 | D:5      | HP: 2/70 [ogre/+0 giant club (30)]
  3609 | D:5      | Reached skill level 9 in Maces & Flails
  3785 | D:5      | Found a snail-covered altar of Cheibriados.
  3838 | D:5      | Found a bloodstained altar of Trog.
  4008 | D:5      | Became a worshipper of Cheibriados the Contemplative
  4320 | D:5      | Found a stormy altar of Qazlal.
  4400 | D:5      | Noticed a two-headed ogre
  4410 | D:5      | Killed a two-headed ogre
  4411 | D:5      | Reached skill level 11 in Maces & Flails
  4411 | D:5      | Reached XP level 9. HP: 28/76 MP: 9/9
  4772 | D:6      | Noticed Maggie
  4781 | D:5      | Mangled by Maggie

Illustrated notes

Levels and vault maps discovered:
D:1:      orjb1_lava_funnel, layout_loops_ring, serial_shops, shop
D:2:      layout_basic, serial_shops, nicolae_shop_tiny_glass, shop,
          hangedman_decor_peaks_small, hex_tiny, uniq_terence
D:3:      minmay_diamond_boxcup, layout_loops_ring,
          mainiacjoe_overflow_tiny_flanked, mainiacjoe_overflow_big_doors,
          serial_shops, nicolae_shop_window_shopping,
          ebering_ghost_reflecting_pool
D:4:      layout_rooms, mainiacjoe_overflow_24_doors, minivault_23,
          minmay_joined_circles
D:5:      cheibrodos_two_vegetables, layout_loops_ring,
          mainiacjoe_overflow_chevrons, mainiacjoe_overflow_cross_hatched,
          amcnicky_altar_gilded
D:6:      layout_rooms, vehumet_altar_wand_db, kennysheep_mini_moat,
          kennysheep_little_box, minmay_temple_entry_junction,
          nicolae_nh_oracle_at_delphi, uniq_blork_the_orc, uniq_maggie,
          uniq_jeremiah

Skill      XL: |  1  2  3  4  5  6  7  8 |
---------------+-------------------------+-----
Maces & Flails | 1 2 3 4 5 6 8 11 | 11.7
Fighting       | |  1.3
Dodging        | |  2.1
Stealth        | |  0.6
Evocations     | |  2.4

Action                     |  1- 3 |  4- 6 |  7- 9 || total
---------------------------+-------+-------+-------++-------
  Melee: Mace              |    73 |       |       ||    73
         Headbutt          |     8 |    27 |    30 ||    65
         Club              |     1 |       |       ||     1
         Flail             |       |   194 |   151 ||   345
         Punch             |       |     3 |     1 ||     4
  Evoke: Wand              |     1 |     4 |    19 ||    24
    Use: Scroll            |       |     5 |     9 ||    14
         Potion            |       |       |     1 ||     1
   Stab: Sleeping          |     1 |     1 |       ||     2
         Distracted        |       |     1 |       ||     1
 Armour: Robe              |    55 |   154 |   133 ||   342
  Dodge: Dodged            |    37 |   120 |    76 ||   233

Table legend: (Time is in decaauts)
 A = Elapsed time spent in this place.
 B = Non-inter-level travel time spent in this place.
 C = Inter-level travel time spent in this place.
 D = Time resting spent in this place.
 E = Time spent auto-exploring this place.
 F = Levels seen in this place.
 G = Mean time per level.
                   A        B        C        D        E       F      G
               +--------+--------+--------+--------+--------+-----+--------+
         Total |   4985 |   4630 |    355 |    566 |   2899 |   6 |  830.8 |
       Dungeon |   4985 |   4630 |    355 |    566 |   2899 |   6 |  830.8 |
               +--------+--------+--------+--------+--------+-----+--------+

Top non-repeatable levels by time:
     D:5: 1388 daAuts
     D:3: 1084 daAuts
     D:2: 965 daAuts
     D:1: 784 daAuts
     D:4: 753 daAuts
     D:6: 10 daAuts
